 Dungeon Sprint DCSS version 0.19.0-19-g8c6edcc (webtiles) character file.

2435 Groucho the Covert (level 9, -4/40 HPs)
             Began as a Felid Enchanter on Nov 15, 2016.
             Was a High Priest of Dithmenos.
             Slain by a spriggan druid
             ... wielding a +0 quarterstaff
              (16 damage)
             ... in the Dungeon (Sprint IV: "Fedhas' Mad Dash").
             The game lasted 00:08:52 (6015 turns).

Groucho the Covert (Felid Enchanter)                Turns: 6015, Time: 00:08:53

Health: -4/40      AC:  2    Str:  4    XL:     9   Next: 24%
Magic:  20/21      EV: 25    Int: 17    God:    Dithmenos [*****.]
Gold:   178        SH:  0    Dex: 19    Spells: 5 memorised, 10 levels left
                                        Lives:  0   Deaths: 2

rFire  . . .     SeeInvis +       - Unarmed
rCold  . . .     Gourm    .     (armour unavailable)
rNeg   . . .     Faith    .     (shield unavailable)
rPois  .         Spirit   .     (helmet unavailable)
rElec  .         Reflect  .     (cloak unavailable)
rCorr  .         Harm     .     (gloves unavailable)
MR     +....     NoTele   +     (boots unavailable)
Stlth  ++++++++++               c - amulet of invisibility {+Inv}
                                (no ring)
                                (no ring)

@: very slightly contaminated, wreathed by umbra, invisible, quick
A: no armour, no weapons or thrown items, stealth, claws 1, fangs 3, see
invisible, carnivore 3, speed 1, shaggy fur 2, slow metabolism 1, sharp paws
a: Shadow Step, Shadow Form, Renounce Religion, Turn Visible


You were in the Dungeon.
You worshipped Dithmenos.
Dithmenos was extremely pleased with you.
You were not hungry.

You visited 1 branch You collected 178 gold pieces.

Inventory:

Jewellery
 c - the amulet of invisibility (around neck) {+Inv}
   (You found it in the Dungeon)

   [amulet of nothing]

   It lets you turn invisible.
Scrolls
 b - a scroll of magic mapping {unknown}
 h - a scroll of blinking
 i - a scroll of identify {unknown}
 m - a scroll of remove curse {unknown}
Potions
 e - a potion of haste
 f - 2 potions of magic
 j - a potion of brilliance
Books
 a - a book of Maledictions

   Spells                             Type                      Level
   a - Corona                         Hexes                        1
   b - Ensorcelled Hibernation        Hexes/Ice                    2
   c - Confuse                        Hexes                        3
   d - Tukima's Dance                 Hexes                        3
   e - Dazzling Spray                 Conjuration/Hexes            3
 l - a book of Minor Magic

   Spells                             Type                      Level
   a - Magic Dart                     Conjuration                  1
   b - Blink                          Translocation                2
   c - Call Imp                       Summoning                    2
   d - Repel Missiles                 Charms/Air                   2
   e - Slow                           Hexes                        2
   f - Conjure Flame                  Conjuration/Fire             3
   g - Mephitic Cloud                 Conjuration/Poison/Air       3
Miscellaneous
 n - a sack of spiders
Comestibles
 d - a royal jelly
 k - a slice of pizza


   Skills:
 + Level 4.8 Fighting
 + Level 8.4 Dodging
 + Level 14.1 Stealth
 * Level 11.1 Unarmed Combat
 * Level 7.3 Spellcasting
 + Level 10.0 Hexes
 * Level 13.9 Evocations


You had 10 spell levels left.
You knew the following spells:

 Your Spells              Type           Power        Failure   Level  Hunger
a - Corona                Hex            #####..      1%          1    None
b - Ensorcelled Hibernat  Hex/Ice        ###...       2%          2    None
c - Confuse               Hex            #####...     1%          3    ##.....
d - Dazzling Spray        Conj/Hex       ###...       6%          3    ##.....
e - Tukima's Dance        Hex            #####...     1%          3    ##.....


Dungeon Overview and Level Annotations

Branches:
Dungeon (1/1)

Altars:
Cheibriados
Dithmenos
Elyvilon
Gozag
Hepliaklqana
Kikubaaqudgha
Makhleb
Nemelex Xobeh
Okawaru
Qazlal
Ru
Sif Muna
Trog
Uskayaw
Vehumet
Xom
Yredelemnul
Zin
The Shining One
Beogh
Jiyva
Lugonu

Shops:
D [[:}

Annotations:
D Agnes


Innate Abilities, Weirdness & Mutations

You cannot wear armour.
You are incapable of wielding weapons or throwing items.
Your paws allow you to move quietly. (Stealth)
You have sharp claws.
You have razor-sharp teeth.
You have supernaturally acute eyesight. (SInv)
You are carnivorous and can eat meat at any time.
You cover ground quickly.
You are covered in thick fur. (AC +2)
You have a slow metabolism.
Your sharp claws are effective at attacking unaware monsters.


Message History

There is an open door here.
The spriggan druid shouts!
You scratch the spriggan druid. Your bite misses the spriggan druid.
The spriggan druid is lightly wounded.
The spriggan druid mumbles some strange words.
The forest starts to sway and rumble!
You miss the spriggan druid.
You bite the spriggan druid, but do no damage.
The spriggan druid is lightly wounded.
A root smacks you from below.
Ouch! That really hurt!
You emit a cloud of dark smoke.
The spriggan druid completely misses you.
You are hit by a branch!
* * * LOW HITPOINT WARNING * * *
You emit a cloud of dark smoke.
You feel better.
Trunks creak and shift.
The spriggan druid hits you with a quarterstaff!
You die...

#################################
...#.....#.....#.⌠._._._._.⌠.#..'
...'.....'.#...'.._._._._._..'..#
...#.....#.#...#..._._._._...#..#
#############'##.._._._._._..#..#
..♣........'...#.⌠._._._._.⌠.####
.....♣.....#...##################
....♣..♣..######♣♣♣♣♣..♣ ##.'.)'
'####'######.)'§@§§..♣..♣ #..#..#
.#....'.......#♣§i♣♣♣.♣.i###.##+#
(#..###.......#§♣♣§§♣ ♣†...#♣.♣
##### ########## ### ######...
♣.. ... ♣.i ###


You could see a spriggan druid.

Vanquished Creatures
  6 oklob plants (D)
  3 burning bushes (D)
  3 wandering mushrooms (D)
  A queen bee (D)
  4 killer bees (D)
  2 scorpions (D)
  5 oklob saplings (D)
  A worker ant (D)
  2 spriggans (D)
  A river rat (D)
  A rat (D)
  A ballistomycete spore (D)
  7 fungi (D)
37 creatures vanquished.

Vanquished Creatures (others)
  2 fungi (D)
2 creatures vanquished.

Grand Total: 39 creatures vanquished

Notes
Turn   | Place    | Note
-------+----------+-------------------------------------------
     0 | D        | Groucho the Felid Enchanter began the quest for the Orb.
     0 | D        | Reached XP level 1. HP: 7/7 MP: 4/4
    26 | D        | Reached skill level 5 in Hexes
    26 | D        | Reached XP level 2. HP: 5/11 MP: 4/6
   423 | D        | Learned a level 2 spell: Ensorcelled Hibernation
   424 | D        | Noticed an oklob sapling
   425 | D        | Killed an oklob sapling
   425 | D        | Reached skill level 5 in Stealth
   425 | D        | Reached XP level 3. HP: 14/14 MP: 6/8
   651 | D        | Reached skill level 5 in Dodging
   651 | D        | Reached skill level 6 in Stealth
  1240 | D        | Found an opulent altar of Gozag.
  1240 | D        | Found a hazy altar of Hepliaklqana.
  1240 | D        | Found a burning altar of Makhleb.
  1240 | D        | Found a roughly hewn altar of Beogh.
  1240 | D        | Found a sparkling altar of Nemelex Xobeh.
  1240 | D        | Found a snail-covered altar of Cheibriados.
  1240 | D        | Found a sacrificial altar of Ru.
  1240 | D        | Found a deep blue altar of Sif Muna.
  1240 | D        | Found a shimmering altar of Xom.
  1240 | D        | Found a basalt altar of Yredelemnul.
  1241 | D        | Found a viscous altar of Jiyva.
  1241 | D        | Found a bloodstained altar of Trog.
  1241 | D        | Noticed an oklob sapling priest
  1242 | D        | Found an iron altar of Okawaru.
  1242 | D        | Found a shadowy altar of Dithmenos.
  1242 | D        | Found a glowing silver altar of Zin.
  1243 | D        | Found an ancient bone altar of Kikubaaqudgha.
  1243 | D        | Found a hide-covered altar of Uskayaw.
  1244 | D        | Found a stormy altar of Qazlal.
  1244 | D        | Found a white marble altar of Elyvilon.
  1244 | D        | Found a glowing golden altar of the Shining One.
  1245 | D        | Found a corrupted altar of Lugonu.
  1245 | D        | Found a radiant altar of Vehumet.
  1248 | D        | Killed an oklob sapling priest
  1248 | D        | Reached skill level 7 in Stealth
  1248 | D        | Reached XP level 4. HP: 18/18 MP: 7/10
  1252 | D        | Became a worshipper of Dithmenos the Shadowed
  1454 | D        | Reached XP level 5. HP: 21/21 MP: 8/11
  1709 | D        | Reached skill level 8 in Stealth
  1709 | D        | Reached skill level 5 in Unarmed Combat
  1709 | D        | Reached skill level 5 in Evocations
  1722 | D        | Reached * piety under Dithmenos
  1723 | D        | Reached skill level 9 in Stealth
  2445 | D        | Found Dixoept's Armour Shop.
  2446 | D        | Found Impu Ifo's Armour Emporium.
  2452 | D        | Noticed a burning bush
  2452 | D        | Noticed a wandering mushroom
  2730 | D        | Noticed a queen bee
  2737 | D        | Killed a queen bee
  2737 | D        | Reached skill level 10 in Stealth
  2737 | D        | Gained mutation: You are covered in thick fur. (AC +2) [Felid growth]
  2737 | D        | Reached XP level 6. HP: 24/24 MP: 10/14
  2738 | D        | Reached ** piety under Dithmenos
  2738 | D        | Reached skill level 11 in Stealth
  2739 | D        | Reached skill level 10 in Evocations
  2739 | D        | Reached XP level 7. HP: 27/27 MP: 10/15
  3248 | D        | Noticed an oklob plant
  3252 | D        | Killed an oklob plant
  3252 | D        | Reached *** piety under Dithmenos
  3252 | D        | Reached skill level 12 in Stealth
  3252 | D        | Reached XP level 8. HP: 31/31 MP: 14/18
  3260 | D        | Learned a level 3 spell: Confuse
  3264 | D        | Learned a level 3 spell: Dazzling Spray
  3268 | D        | Learned a level 3 spell: Tukima's Dance
  3762 | D        | Noticed a burning bush
  4379 | D        | Noticed a wandering mushroom
  4788 | D        | Killed a wandering mushroom
  4788 | D        | Reached skill level 1 in Fighting
  5109 | D        | Noticed a burning bush
  5109 | D        | Noticed an oklob plant
  5281 | D        | Found Guehell's Book Shoppe.
  5282 | D        | Found Giraes's Gadget Emporium.
  5298 | D        | Killed from afar by a burning bush
  5299 | D        | Reached XP level 7. HP: -2/28 MP: 17/17
  5299 | D        | Noticed an oklob plant
  5299 | D        | Noticed an oklob plant shifter
  5299 | D        | Noticed an oklob plant summoner
  5302 | D        | Killed an oklob plant
  5302 | D        | Reached skill level 13 in Stealth
  5302 | D        | Reached XP level 8. HP: 34/34 MP: 15/18
  5304 | D        | Killed an oklob plant shifter
  5304 | D        | Reached skill level 5 in Spellcasting
  5306 | D        | Killed an oklob plant summoner
  5306 | D        | Reached **** piety under Dithmenos
  5306 | D        | Reached skill level 10 in Unarmed Combat
  5661 | D        | Noticed Agnes
  5665 | D        | Noticed an oklob plant conjurer
  5671 | D        | Killed an oklob plant conjurer
  5681 | D        | Noticed a spriggan druid
  5685 | D        | Noticed a hornet
  5702 | D        | Killed from afar by a spriggan druid
  5703 | D        | Reached XP level 7. HP: -2/31 MP: 17/17
  5723 | D        | Killed a wandering mushroom
  5723 | D        | Reached XP level 8. HP: 36/36 MP: 14/19
  5736 | D        | Killed a burning bush
  5793 | D        | Killed a burning bush
  5793 | D        | Reached ***** piety under Dithmenos
  5798 | D        | Noticed a wandering mushroom
  5799 | D        | Killed a burning bush
  5804 | D        | Killed an oklob plant
  5804 | D        | Reached skill level 14 in Stealth
  5804 | D        | Reached XP level 9. HP: 39/39 MP: 16/20
  5808 | D        | Killed a wandering mushroom
  5808 | D        | Reached skill level 10 in Hexes
  6014 | D        | HP: 2/40 [spriggan druid/angry trees (19)]
  6015 | D        | Slain by a spriggan druid

Skill      XL: |  1  2  3  4  5  6  7  8  9 |
---------------+----------------------------+-----
Dodging        | 3 4 5 6 8 |  8.4
Hexes          | 5 6 8 9 10 | 10.0
Stealth        | 5 7 10 11 13 14 | 14.1
Unarmed Combat | 2 4 7 8 11 | 11.1
Spellcasting   | 3 4 7 |  7.3
Evocations     | 4 9 10 12 13 | 13.9
Fighting       | 2 4 |  4.8

Action                   |  1- 3 |  4- 6 |  7- 9 || total
-------------------------+-------+-------+-------++-------
Melee: Unarmed           |    20 |    26 |   156 ||   202
       Bite              |     3 |     1 |    30 ||    34
       Punch             |       |       |    13 ||    13
 Cast: Ensorcelled Hiber |     1 |       |     2 ||     3
       Confuse           |       |       |     8 ||     8
       Dazzling Spray    |       |       |     3 ||     3
 Abil: Evoke Invisibilit |     1 |     4 |     7 ||    12
  Use: Potion            |     1 |     2 |     2 ||     5
 Stab: Sleeping          |     3 |     7 |    10 ||    20
       Confused          |       |       |     4 ||     4
       Invisible         |       |       |     3 ||     3
  Eat: Meat ration       |       |     1 |       ||     1
       Royal jelly       |       |       |     2 ||     2
       Pizza             |       |       |     1 ||     1
Armor: Skin              |       |     1 |       ||     1
Dodge: Dodged            |    14 |    10 |    31 ||    55
